 Dungeon Crawl Stone Soup version 0.29.1-15-g9cfb28693d (webtiles) character file.

Game seed: 10748055522354080318

21 MysteronAgent1981 the Gusty (level 2, -1/22 HPs)
             Began as a Draconian Air Elementalist on Mar 26, 2023.
             Was a Follower of Dithmenos.
             Killed by their own static electricity (2 damage)
             ... on level 2 of the Dungeon.
             The game lasted 00:06:31 (1592 turns).

MysteronAgent1981 the Gusty (DrAE)                  Turns: 1592, Time: 00:06:31

Health: -1/22      AC:  4    Str: 10    XL:     2   Next: 65%
Magic:  0/5        EV: 12    Int: 15    God:    Dithmenos [*.....]
Gold:   67         SH:  0    Dex: 11    Spells: 2/5 levels left

rFire   . . .      SeeInvis .   (no weapon)
rCold   . . .      Faith    .   (no shield)
rNeg    . . .      Spirit   .   (body armour unavailable)
rPois   .          Reflect  .   (helmet restricted)
rElec   .          Harm     .   (no cloak)
rCorr   .          Rampage  .   (no gloves)
Will    .....                   (no boots)
Stlth   ++........              (no amulet)
HPRegen 0.07/turn               (no ring)
MPRegen 0.09/turn               (no ring)

@: wreathed by umbra
A: AC +4, unfitting armour, cold-blooded
a: Renounce Religion


You were on level 2 of the Dungeon.
You worshipped Dithmenos.
Dithmenos was aware of your devotion.
You visited 1 branch of the dungeon, and saw 2 of its levels.

You collected 67 gold pieces.

You aren't carrying anything.


   Skills:
 + Level 0.4 Fighting
 * Level 2.0 Dodging
 * Level 1.8 Stealth
 * Level 2.2 Spellcasting
 * Level 1.1 Conjurations
 * Level 3.4 Air Magic


You had 2 spell levels left.
You knew the following spells:

 Your Spells              Type           Power      Damage    Failure   Level
a - Shock                 Conj/Air       32%        1d5       9%          1
b - Static Discharge      Conj/Air       8%         3-4/arc   13%         2

Your spell library contained the following spells:

 Spells                   Type           Power      Damage    Failure   Level
 Swiftness                Air            12%        N/A       16%         3
 Airstrike                Air            6%         2d(1-17)  45%         4


Dungeon Overview and Level Annotations

Branches:
Dungeon (2/15)

Altars:
Dithmenos


Innate Abilities, Weirdness & Mutations

Your plain brown scales are hard. (AC +4)
You cannot fit into any form of body armour.
You are cold-blooded and may be slowed by cold attacks.


Message History

The worm bites you!
Casting: Static Discharge (safe; 13% risk of failure)
Press: ? - help, Q - select action, (/) - cycle Dir - look around, f - activate The worm is struck by an arc of lightning.
The worm is moderately wounded.
You are struck by an arc of lightning.
The lightning grounds out.
The worm bites you.
Casting: Static Discharge (safe; 13% risk of failure)
Confirm with . or Enter, or press ? or * to list all spells.
Aiming: Shock (safe; 9% risk of failure)
Press: ? - help, Shift-Dir - straight line, f - worm
Aim: a worm (lightly wounded, umbra, 89% to hit)
The zap hits the worm.
The worm is heavily wounded.
Your magical contamination has completely faded away.
An endoplasm comes into view.
Found 6 gold pieces.
The endoplasm quivers.
The endoplasm closely misses you.
Casting: Shock (safe; 9% risk of failure)
Confirm with . or Enter, or press ? or * to list all spells.
Aiming: Shock (safe; 9% risk of failure)
Press: ? - help, Shift-Dir - straight line, f/p - worm
Aim: a worm (89% to hit)
Okay, then.
The endoplasm misses you. The endoplasm freezes you.
You are frozen.
* * * LOW HITPOINT WARNING * * *
A bat comes into view.
The endoplasm freezes you.
You are frozen.
* * * LOW HITPOINT WARNING * * *
Casting: Static Discharge (safe; 13% risk of failure)
Press: ? - help, Q - select action, (/) - cycle Dir - look around, f - activate The endoplasm is struck by an arc of lightning.
You kill the endoplasm!
Dithmenos accepts your kill.
You are struck by an arc of lightning.
You die...

. #....# .....<# ..#
#....###.#.#.#
....###....##..#...#
.....................##.
.....#.............#....
......#.............#
..... ####........###..
###..####........##...#
.....$..@<..........#
##..#.......(..#.#..##
^.............[..##.##
b####....w.##....##..##
#.................#
#####...####.##....#
#....# #... #### #...###
###... #..## ##...


You could see a worm.

Vanquished Creatures
  2 dart slugs (D:2)
  A bat (D:2)
  2 endoplasms
  A giant cockroach (D:1)
  4 goblins (D:1)
  A hobgoblin (D:1)
  A jackal (D:2)
  A frilled lizard (D:1)
  3 kobolds
  A rat (D:1)
17 creatures vanquished.

Notes
Turn   | Place    | Note
-------+----------+-------------------------------------------
     0 | D:1      | MysteronAgent1981 the Draconian Air Elementalist began the
                  | quest for the Orb.
     0 | D:1      | Reached XP level 1. HP: 14/14 MP: 3/3
   100 | D:1      | Found a faded altar of an unknown god.
   108 | D:1      | Prayed at the altar of an unknown god.
   108 | D:1      | Became a worshipper of Dithmenos the Shadowed
   108 | D:1      | Reached * piety under Dithmenos
  1043 | D:1      | Reached XP level 2. HP: 16/20 MP: 0/5
  1145 | D:1      | Learned a level 2 spell: Static Discharge
  1590 | D:2      | HP: 1/22 [frozen (5)]
  1592 | D:2      | Killed from afar by themself

Illustrated notes

Levels and vault maps discovered:
D:1:      nagdon_arrival_double_spiral, layout_basic, basic_ecumenical_altar,
          minmay_small_reverse_x
D:2:      layout_rooms, grunt_ministairs_2, uniq_crazy_yiuf_cottage

Skill      XL: |  1  2 |
---------------+-------+-----
Dodging        | 2 |  2.0
Fighting       | |  0.4
Stealth        | |  1.8
Spellcasting   | |  2.2
Conjurations   | |  1.1
Air Magic      | |  3.4

Action                   || total
-------------------------++-------
Melee: Unarmed           ||     2
       Tailslap          ||     1
 Cast: Shock             ||    22
       Static Discharge  ||     5
  Use: Scroll            ||     8
       Potion            ||     1
Armor: Skin              ||    18
Dodge: Dodged            ||    47
